Pittsburgh Penguins vs Vancouver Canucks
Created - Thursday, March 21, 2024 at 08:09
Goals
|
| Pittsburgh Penguins |
4 |
1 |
2 |
7 |
| Vancouver Canucks |
0 |
1 |
1 |
2 |
|
Shots
|
| Pittsburgh Penguins |
17 |
7 |
13 |
37 |
| Vancouver Canucks |
7 |
20 |
10 |
37 |
|
1st period
1. Pittsburgh Penguins , Sam Reinhart 22 (Erik Gudbranson 8) at 5:28
2. Pittsburgh Penguins , Anders Lee 15 (Sam Reinhart 22, Jean-Gabriel Pageau 18) at 9:57 (PP)
3. Pittsburgh Penguins , Jean-Gabriel Pageau 9 (Sam Reinhart 23, Brian Dumoulin 10) at 11:50
4. Pittsburgh Penguins , Leon Draisaitl 13 (Mitchell Marner 13) at 14:08 (PP)
Penalties :
Erik Gudbranson (PIT) for Slashing (Minor) at 2:59, Miro Heiskanen (VAN) for Holding Stick (Minor) at 9:12, Clayton Keller (VAN) for Tripping (Minor) at 14:02, Jake Bean (VAN) for Tripping (Minor) at 18:49
2nd period
5. Pittsburgh Penguins , Mitchell Marner 20 (Leon Draisaitl 26, J.J. Moser 3) at 1:37
6. Vancouver Canucks , Anton Lundell 9 (Taylor Raddysh 12, Chad Ruhwedel 8) at 5:15
Penalties :
Phillip Danault (PIT) for Tripping (Minor) at 10:31, Erik Gudbranson (PIT) for Holding (Minor) at 13:21
3rd period
7. Pittsburgh Penguins , J.J. Moser 1 (Mitchell Marner 14, Leon Draisaitl 27) at 8:54 (PP)
8. Vancouver Canucks , Kasperi Kapanen 7 (Miro Heiskanen 14, Aleksander Barkov 19) at 13:22
9. Pittsburgh Penguins , Mitchell Marner 21 (Ryan Johansen 11, Phillip Danault 10) at 15:22
Penalties :
Kasperi Kapanen (VAN) for Fighting (Major) at 5:46, Erik Gudbranson (PIT) for Fighting (Major) at 5:46, Sam Lafferty (VAN) for Fighting (Major) at 7:00, Mattias Ekholm (PIT) for Fighting (Major) at 7:00, Sam Lafferty (VAN) for instigated a fight (Minor) at 7:00, Sam Lafferty (VAN) for instigated a fight (10 Minutes Misconduct) at 7:00, Pavel Buchnevich (PIT) for Hooking (Minor) at 16:36
Goalie Stats
Akira Schmid (PIT), 35 saves from 37 shots - (0.946), W, 3-2-0, 60:00 minutes
Ville Husso (VAN), 30 saves from 37 shots - (0.811), L, 6-10-0, 60:00 minutes
Players Stats for Pittsburgh Penguins
Player Name G A P +/- PIM S H SB GA TA FO MP PP MP PK MP
------------------------------------------------------------------------------------
Anders Lee 1 0 1 1 0 4 0 1 0 0 0/1 17:13 1:30 0:49
Brian Dumoulin 0 1 1 0 0 0 1 0 1 1 0/0 22:12 1:40 3:33
Colton Sissons 0 0 0 0 0 0 2 0 0 0 1/3 6:14 0:00 0:00
Erik Gudbranson 0 1 1 3 9 0 0 0 0 0 0/0 13:56 0:00 0:00
Erik Karlsson 0 0 0 -1 0 0 2 1 0 0 0/0 23:48 3:04 4:23
Gabriel Vilardi 0 0 0 0 0 3 0 0 0 0 0/0 6:14 0:00 0:00
J.J. Moser 1 1 2 3 0 4 1 0 0 0 0/0 16:18 1:54 0:00
Jean-Gabriel Pageau 1 1 2 1 0 1 2 1 0 1 13/20 15:53 1:30 0:12
Jordan Eberle 0 0 0 -1 0 1 1 1 1 1 0/1 16:49 0:00 0:00
Leon Draisaitl 1 2 3 2 0 10 0 1 2 1 11/22 21:37 3:14 3:44
Mattias Ekholm 0 0 0 -1 5 0 1 3 0 0 0/0 21:14 1:10 4:23
Mitchell Marner 2 2 4 2 0 3 2 0 0 0 0/2 21:37 3:14 3:44
Pavel Buchnevich 0 0 0 2 2 4 3 0 1 0 0/0 21:22 3:14 2:38
Phillip Danault 0 1 1 -1 2 3 2 0 0 0 3/11 12:08 0:00 0:45
Ryan Johansen 0 1 1 -1 0 1 2 0 1 0 0/0 11:24 0:00 0:00
Ryan Suter 0 0 0 0 0 1 0 1 0 3 0/0 22:37 1:40 3:33
Sam Reinhart 1 2 3 1 0 2 0 1 1 0 3/4 20:24 1:30 4:00
Tom Wilson 0 0 0 0 0 0 0 0 0 0 0/0 0:58 0:00 0:00
Players Stats for Vancouver Canucks
Player Name G A P +/- PIM S H SB GA TA FO MP PP MP PK MP
------------------------------------------------------------------------------------
Adam Boqvist 0 0 0 -1 0 0 0 2 1 0 0/0 19:11 3:44 2:42
Aleksander Barkov 0 1 1 0 0 4 1 0 1 0 12/24 20:09 4:01 2:02
Anton Lundell 1 0 1 -1 0 2 0 0 0 0 0/0 12:21 0:09 0:00
Artturi Lehkonen 0 0 0 0 0 5 1 0 3 0 1/1 19:35 3:45 2:42
Casey Mittelstadt 0 0 0 0 0 1 0 0 1 0 2/5 17:38 3:52 0:00
Chad Ruhwedel 0 1 1 -1 0 2 1 0 0 2 0/0 21:17 3:44 2:42
Clayton Keller 0 0 0 0 2 1 0 1 0 0 2/4 19:48 3:55 2:42
Jacob Bryson 0 0 0 0 0 1 1 0 0 0 0/0 14:33 0:00 0:33
Jake Bean 0 0 0 0 2 0 0 0 0 0 0/0 12:15 0:00 0:00
Jesperi Kotkaniemi 0 0 0 -1 0 3 0 0 0 0 5/9 11:20 0:00 0:00
Kasperi Kapanen 1 0 1 0 5 5 0 0 0 0 0/1 16:11 3:47 0:00
Mikko Rantanen 0 0 0 0 0 4 2 0 0 0 11/17 19:16 3:55 2:02
Miro Heiskanen 0 1 1 -1 2 1 0 2 0 1 0/0 26:15 4:12 1:29
Noah Cates 0 0 0 -1 0 1 0 0 0 1 0/3 8:54 0:00 0:00
Noah Hanifin 0 0 0 -1 0 2 1 5 0 2 0/0 26:49 4:12 2:02
Robby Fabbri 0 0 0 -1 0 0 2 0 0 1 0/0 8:54 0:00 0:00
Sam Lafferty 0 0 0 -1 17 0 0 0 0 0 0/0 7:22 0:00 0:00
Taylor Raddysh 0 1 1 -1 0 5 0 0 1 0 0/0 13:23 0:24 0:00
3 Stars
1 - Mitchell Marner (PIT)
2 - Leon Draisaitl (PIT)
3 - J.J. Moser (PIT)
Power Play
Pittsburgh Penguins - 3 on 4 Attempt(s) - 75.00%
Vancouver Canucks - 0 on 4 Attempt(s) - 0.00%
Penalty Kill
Pittsburgh Penguins - 4 on 4 Attempt(s) - 100.00%
- Score 0 goal in Penalty Kill
Vancouver Canucks - 1 on 4 Attempt(s) - 25.00%
- Score 0 goal in Penalty Kill
Team Stat
Pittsburgh Penguins - Hits : 19 - Faceoff Wins : 31 - Blocked Shots : 10 - Penalty Minutes : 18
Vancouver Canucks - Hits : 9 - Faceoff Wins : 33 - Blocked Shots : 10 - Penalty Minutes : 28
Official
Referees : Ian Walsh and Brad Watson
Linesman : Brian Murphy and Scott Driscoll
Game Notes
Erik Gudbranson beats up Kasperi Kapanen at 5:46 of 3rd period
Sam Lafferty beats up Mattias Ekholm at 7:00 of 3rd period
Finance
Level 1 -- Attendance: 4855 (80.92%) -- Ticket Income $480,645
Level 2 -- Attendance: 3622 (72.44%) -- Ticket Income $213,698
Level 3 -- Attendance: 2525 (84.17%) -- Ticket Income $85,850
Level 4 -- Attendance: 3432 (68.64%) -- Ticket Income $82,368
Luxury Box -- Attendance: 738 (73.80%) -- Ticket Income $146,862
Game was played at the Rogers Arena.
Total Attendance: 15172 (75.86%)
Total Ticket Income: $1,009,423
Other Income: $353,298
Total Income: $1,362,721
Pittsburgh Penguins
5 vs 5 Forward
Center Left Wing Right Wing Time % Phy DF OF
1 Leon Draisaitl Pavel Buchnevich Mitchell Marner 30 1 2 2
2 Jean-Gabriel Pageau Anders Lee Sam Reinhart 30 1 2 2
3 Phillip Danault Jordan Eberle Ryan Johansen 25 1 2 2
4 Colton Sissons Gabriel Vilardi Jordan Eberle 15 1 2 2
5 vs 5 Defense
Defense Defense Time % Phy DF OF
1 Erik Karlsson Mattias Ekholm 35 1 2 2
2 Ryan Suter Brian Dumoulin 35 1 2 2
3 Erik Gudbranson J.J. Moser 30 1 2 2
4 Erik Karlsson Mattias Ekholm 0 1 2 2
PowerPlay Forward
Center Left Wing Right Wing Time % Phy DF OF
1 Leon Draisaitl Pavel Buchnevich Mitchell Marner 50 1 2 2
2 Jean-Gabriel Pageau Anders Lee Sam Reinhart 50 1 2 2
PowerPlay Defense
Defense Defense Time % Phy DF OF
1 Erik Karlsson Mattias Ekholm 50 1 2 2
2 Ryan Suter Brian Dumoulin 50 1 2 2
Penalty Kill 4 Players Forward
Center Wing Time % Phy DF OF
1 Leon Draisaitl Mitchell Marner 50 1 2 2
2 Sam Reinhart Pavel Buchnevich 50 1 2 2
Penalty Kill 4 Players Defense
Defense Defense Time % Phy DF OF
1 Erik Karlsson Mattias Ekholm 50 1 2 2
2 Ryan Suter Brian Dumoulin 50 1 2 2
Penalty Kill - 3 Players Forward
Forward Time % Phy DF OF
1 Leon Draisaitl 50 1 2 2
2 Mitchell Marner 50 1 2 2
Penalty Kill - 3 Players Defense
Defense Defense Time % Phy DF OF
1 Erik Karlsson Mattias Ekholm 50 1 2 2
2 Ryan Suter Brian Dumoulin 50 1 2 2
4 vs 4 Forward
Center Wing Time % Phy DF OF
1 Leon Draisaitl Mitchell Marner 50 1 2 2
2 Sam Reinhart Pavel Buchnevich 50 1 2 2
4 vs 4 Defense
Defense Defense Time % Phy DF OF
1 Erik Karlsson Mattias Ekholm 50 1 2 2
2 Ryan Suter Brian Dumoulin 50 1 2 2
Last Minutes Offensive
Center Left Wing Right Wing Defense Defense
Leon Draisaitl Pavel Buchnevich Mitchell Marner Erik Karlsson Mattias Ekholm
Last Minutes Defensive
Center Left Wing Right Wing Defense Defense
Leon Draisaitl Pavel Buchnevich Mitchell Marner Erik Karlsson Mattias Ekholm
Goaltenders
Starting : Akira Schmid
Backup : Marc-Andre Fleury
Extra Forwards
Normal : Tom Wilson, Gabriel Vilardi, Phillip Danault - PP : Tom Wilson, Gabriel Vilardi - PK : Phillip Danault
Extra Defensemen
Normal : Erik Gudbranson, J.J. Moser, Ryan Suter - PP : Erik Gudbranson - PK : J.J. Moser, Ryan Suter
Penalty Shots
Leon Draisaitl, Mitchell Marner, Sam Reinhart, Pavel Buchnevich, Jean-Gabriel Pageau
Vancouver Canucks
5 vs 5 Forward
Center Left Wing Right Wing Time % Phy DF OF
1 Mikko Rantanen Clayton Keller Artturi Lehkonen 30 1 2 2
2 Aleksander Barkov Casey Mittelstadt Kasperi Kapanen 30 1 2 2
3 Jesperi Kotkaniemi Anton Lundell Taylor Raddysh 25 1 2 2
4 Noah Cates Robby Fabbri Sam Lafferty 15 1 2 2
5 vs 5 Defense
Defense Defense Time % Phy DF OF
1 Noah Hanifin Miro Heiskanen 30 1 2 2
2 Chad Ruhwedel Jacob Bryson 30 1 2 2
3 Jake Bean Adam Boqvist 25 1 2 2
4 Noah Hanifin Miro Heiskanen 15 1 2 2
PowerPlay Forward
Center Left Wing Right Wing Time % Phy DF OF
1 Aleksander Barkov Clayton Keller Mikko Rantanen 50 1 2 2
2 Casey Mittelstadt Artturi Lehkonen Kasperi Kapanen 50 1 2 2
PowerPlay Defense
Defense Defense Time % Phy DF OF
1 Noah Hanifin Miro Heiskanen 50 1 2 2
2 Chad Ruhwedel Adam Boqvist 50 1 2 2
Penalty Kill 4 Players Forward
Center Wing Time % Phy DF OF
1 Aleksander Barkov Mikko Rantanen 50 1 2 2
2 Clayton Keller Artturi Lehkonen 50 1 2 2
Penalty Kill 4 Players Defense
Defense Defense Time % Phy DF OF
1 Noah Hanifin Miro Heiskanen 50 1 2 2
2 Chad Ruhwedel Adam Boqvist 50 1 2 2
Penalty Kill - 3 Players Forward
Forward Time % Phy DF OF
1 Aleksander Barkov 50 1 2 2
2 Mikko Rantanen 50 1 2 2
Penalty Kill - 3 Players Defense
Defense Defense Time % Phy DF OF
1 Noah Hanifin Miro Heiskanen 50 1 2 2
2 Chad Ruhwedel Adam Boqvist 50 1 2 2
4 vs 4 Forward
Center Wing Time % Phy DF OF
1 Aleksander Barkov Mikko Rantanen 50 1 2 2
2 Clayton Keller Artturi Lehkonen 50 1 2 2
4 vs 4 Defense
Defense Defense Time % Phy DF OF
1 Noah Hanifin Miro Heiskanen 50 1 2 2
2 Chad Ruhwedel Adam Boqvist 50 1 2 2
Last Minutes Offensive
Center Left Wing Right Wing Defense Defense
Aleksander Barkov Clayton Keller Mikko Rantanen Noah Hanifin Miro Heiskanen
Last Minutes Defensive
Center Left Wing Right Wing Defense Defense
Aleksander Barkov Clayton Keller Mikko Rantanen Noah Hanifin Miro Heiskanen
Goaltenders
Starting : Ville Husso
Backup : Joonas Korpisalo
Extra Forwards
Normal : Taylor Raddysh, Anton Lundell, Jesperi Kotkaniemi - PP : Taylor Raddysh, Anton Lundell - PK : Jesperi Kotkaniemi
Extra Defensemen
Normal : Jake Bean, Jacob Bryson, Chad Ruhwedel - PP : Jake Bean - PK : Jacob Bryson, Chad Ruhwedel
Penalty Shots
Aleksander Barkov, Mikko Rantanen, Clayton Keller, Artturi Lehkonen, Casey Mittelstadt
% Time on Ice - Pittsburgh Penguins
Lines # - Real PCT - Wanted PCT - Time Play
Normal Forward
1 - 31% - 30% - 14:39
2 - 32% - 30% - 15:03
3 - 24% - 25% - 11:24
4 - 13% - 15% - 6:14
Normal Defense
1 - 36% - 35% - 16:54
2 - 35% - 35% - 16:23
3 - 28% - 30% - 13:13
4 - 2% - 0% - 0:50
PP Forward
1 - 68% - 50% - 3:14
2 - 32% - 50% - 1:30
PP Defense
1 - 65% - 50% - 3:04
2 - 35% - 50% - 1:40
PK Forward
1 - 47% - 50% - 3:44
2 - 53% - 50% - 4:12
PK Defense
1 - 55% - 50% - 4:23
2 - 45% - 50% - 3:33
PK3 Forward
1 - 0% - 50%
2 - 0% - 50%
PK3 Defense
1 - 0% - 50%
2 - 0% - 50%
44 Forward
1 - 0% - 50%
2 - 0% - 50%
44 Defense
1 - 0% - 50%
2 - 0% - 50%
Last Minute Offensive - 0:00
Last Minute Defensive - 0:00
Total
Forward - 60:00
Defense - 60:00
|
% Time on Ice - Vancouver Canucks
Lines # - Real PCT - Wanted PCT - Time Play
Normal Forward
1 - 28% - 30% - 13:23
2 - 29% - 30% - 13:51
3 - 24% - 25% - 11:12
4 - 19% - 15% - 8:54
Normal Defense
1 - 31% - 30% - 14:35
2 - 31% - 30% - 14:51
3 - 25% - 25% - 11:54
4 - 13% - 15% - 6:00
PP Forward
1 - 51% - 50% - 4:01
2 - 49% - 50% - 3:55
PP Defense
1 - 53% - 50% - 4:12
2 - 47% - 50% - 3:44
PK Forward
1 - 43% - 50% - 2:02
2 - 57% - 50% - 2:42
PK Defense
1 - 43% - 50% - 2:02
2 - 57% - 50% - 2:42
PK3 Forward
1 - 0% - 50%
2 - 0% - 50%
PK3 Defense
1 - 0% - 50%
2 - 0% - 50%
44 Forward
1 - 0% - 50%
2 - 0% - 50%
44 Defense
1 - 0% - 50%
2 - 0% - 50%
Last Minute Offensive - 0:00
Last Minute Defensive - 0:00
Total
Forward - 60:00
Defense - 60:00
|
Play-by-Play
1st period
0:01 of 1st period - Mikko Rantanen wins face-off versus Mitchell Marner in neutral zone.
0:10 of 1st period - Slapshot by Mikko Rantanen.
0:10 of 1st period - Shot Misses the Net.
1:00 of 1st period - Wrist shot by Anders Lee.
1:00 of 1st period - Shot Misses the Net.
1:16 of 1st period - Slapshot by Leon Draisaitl.
1:16 of 1st period - Stopped by Ville Husso with a rebound.
1:41 of 1st period - Snap shot by Gabriel Vilardi.
1:41 of 1st period - Stopped by Ville Husso without a rebound.
1:42 of 1st period - Aleksander Barkov wins face-off versus Jean-Gabriel Pageau in Vancouver Canucks zone.
2:18 of 1st period - Snap shot by Ryan Johansen.
2:18 of 1st period - Shot Misses the Net.
2:42 of 1st period - Wrist shot by Taylor Raddysh.
2:42 of 1st period - Shot Misses the Net.
2:44 of 1st period - Slapshot by Anton Lundell.
2:44 of 1st period - Shot Misses the Net.
2:48 of 1st period - Wrist shot by Jesperi Kotkaniemi.
2:48 of 1st period - Shot Misses the Net.
2:56 of 1st period - Slapshot by Jesperi Kotkaniemi.
2:56 of 1st period - Deflect By Erik Karlsson.
2:56 of 1st period - Shot Misses the Net.
2:56 of 1st period - Puck is out of play.
2:57 of 1st period - Leon Draisaitl wins face-off versus Mikko Rantanen in Pittsburgh Penguins zone.
2:59 of 1st period - Minor Penalty to Erik Gudbranson for Slashing.
3:00 of 1st period - Leon Draisaitl wins face-off versus Aleksander Barkov in Pittsburgh Penguins zone.
4:15 of 1st period - Miro Heiskanen is hit by Erik Karlsson.
4:59 of 1st period - Penalty to Erik Gudbranson is over, Erik Gudbranson is back on ice.
5:12 of 1st period - Noah Hanifin is hit by Colton Sissons and loses puck.
5:28 of 1st period - Slapshot by Sam Reinhart.
5:28 of 1st period - Goal by Sam Reinhart - Pittsburgh Penguins : 1 - Vancouver Canucks : 0.
5:29 of 1st period - Jean-Gabriel Pageau wins face-off versus Mikko Rantanen in neutral zone.
6:58 of 1st period - Wrist shot by Sam Reinhart.
6:58 of 1st period - Shot Blocked by Noah Hanifin.
7:00 of 1st period - Wrist shot by Pavel Buchnevich.
7:00 of 1st period - Stopped by Ville Husso with a rebound.
7:04 of 1st period - Slapshot by Leon Draisaitl.
7:04 of 1st period - Stopped by Ville Husso with a rebound.
7:22 of 1st period - Miro Heiskanen is hit by Ryan Johansen and loses puck.
7:27 of 1st period - Slapshot by Ryan Johansen.
7:27 of 1st period - Shot Blocked by Miro Heiskanen.
7:40 of 1st period - Off-side.
7:41 of 1st period - Colton Sissons wins face-off versus Noah Cates in neutral zone.
8:44 of 1st period - Icing by J.J. Moser.
8:45 of 1st period - Phillip Danault wins face-off versus Jesperi Kotkaniemi in Pittsburgh Penguins zone.
8:52 of 1st period - Wrist shot by Taylor Raddysh.
8:52 of 1st period - Stopped by Akira Schmid with a rebound.
8:56 of 1st period - Snap shot by Taylor Raddysh.
8:56 of 1st period - Stopped by Akira Schmid without a rebound.
8:57 of 1st period - Aleksander Barkov wins face-off versus Leon Draisaitl in Pittsburgh Penguins zone.
9:10 of 1st period - Snap shot by Leon Draisaitl.
9:10 of 1st period - Stopped by Ville Husso with a rebound.
9:12 of 1st period - Minor Penalty to Miro Heiskanen for Holding Stick.
9:13 of 1st period - Aleksander Barkov wins face-off versus Leon Draisaitl in Vancouver Canucks zone.
9:45 of 1st period - Slapshot by Anders Lee.
9:45 of 1st period - Stopped by Ville Husso without a rebound.
9:46 of 1st period - Jean-Gabriel Pageau wins face-off versus Clayton Keller in Vancouver Canucks zone.
9:57 of 1st period - Wrist shot by Sam Reinhart.
9:57 of 1st period - Deflect By Anders Lee.
9:57 of 1st period - Goal by Anders Lee - Pittsburgh Penguins : 2 - Vancouver Canucks : 0.
9:58 of 1st period - Mikko Rantanen wins face-off versus Leon Draisaitl in neutral zone.
10:25 of 1st period - Aleksander Barkov is hit by Jean-Gabriel Pageau and loses puck.
10:38 of 1st period - Wrist shot by Sam Reinhart.
10:38 of 1st period - Shot Blocked by Adam Boqvist.
10:54 of 1st period - Slapshot by Erik Karlsson.
10:54 of 1st period - Shot Misses the Net.
11:13 of 1st period - Icing by Phillip Danault.
11:14 of 1st period - Artturi Lehkonen wins face-off versus Leon Draisaitl in Pittsburgh Penguins zone.
11:23 of 1st period - Wrist shot by Artturi Lehkonen.
11:23 of 1st period - Shot Misses the Net.
11:50 of 1st period - Wrist shot by Jean-Gabriel Pageau.
11:50 of 1st period - Goal by Jean-Gabriel Pageau - Pittsburgh Penguins : 3 - Vancouver Canucks : 0.
11:51 of 1st period - Leon Draisaitl wins face-off versus Mikko Rantanen in neutral zone.
11:56 of 1st period - Jacob Bryson is hit by Pavel Buchnevich and loses puck.
13:05 of 1st period - Snap shot by Taylor Raddysh.
13:05 of 1st period - Shot Misses the Net.
13:16 of 1st period - Off-side.
13:17 of 1st period - Mikko Rantanen wins face-off versus Mitchell Marner in neutral zone.
13:43 of 1st period - Slapshot by Phillip Danault.
13:43 of 1st period - Deflect By Ryan Johansen.
13:43 of 1st period - Stopped by Ville Husso with a rebound.
13:45 of 1st period - Slapshot by Brian Dumoulin.
13:45 of 1st period - Deflect By Jordan Eberle.
13:45 of 1st period - Stopped by Ville Husso with a rebound.
13:47 of 1st period - Slapshot by Ryan Suter.
13:47 of 1st period - Shot Blocked by Clayton Keller.
13:56 of 1st period - Slapshot by Ryan Johansen.
13:56 of 1st period - Shot Blocked by Adam Boqvist.
14:02 of 1st period - Minor Penalty to Clayton Keller for Tripping.
14:03 of 1st period - Leon Draisaitl wins face-off versus Aleksander Barkov in Vancouver Canucks zone.
14:06 of 1st period - Wrist shot by Leon Draisaitl.
14:06 of 1st period - Stopped by Ville Husso with a rebound.
14:08 of 1st period - Wrist shot by Leon Draisaitl.
14:08 of 1st period - Goal by Leon Draisaitl - Pittsburgh Penguins : 4 - Vancouver Canucks : 0.
14:09 of 1st period - Jean-Gabriel Pageau wins face-off versus Casey Mittelstadt in neutral zone.
14:36 of 1st period - Noah Hanifin is hit by Mitchell Marner and loses puck.
16:09 of 1st period - Snap shot by Aleksander Barkov.
16:09 of 1st period - Shot Misses the Net.
16:39 of 1st period - Snap shot by Aleksander Barkov.
16:39 of 1st period - Stopped by Akira Schmid with a rebound.
16:49 of 1st period - Snap shot by Aleksander Barkov.
16:49 of 1st period - Stopped by Akira Schmid with a rebound.
16:51 of 1st period - Wrist shot by Kasperi Kapanen.
16:51 of 1st period - Stopped by Akira Schmid without a rebound.
16:52 of 1st period - Mikko Rantanen wins face-off versus Phillip Danault in Pittsburgh Penguins zone.
16:59 of 1st period - Wrist shot by Mikko Rantanen.
16:59 of 1st period - Shot Misses the Net.
17:01 of 1st period - Snap shot by Artturi Lehkonen.
17:01 of 1st period - Shot Blocked by Jordan Eberle.
17:03 of 1st period - Slapshot by Artturi Lehkonen.
17:03 of 1st period - Stopped by Akira Schmid with a rebound.
17:05 of 1st period - Wrist shot by Mikko Rantanen.
17:05 of 1st period - Stopped by Akira Schmid with a rebound.
17:19 of 1st period - Adam Boqvist is hit by Pavel Buchnevich and loses puck.
17:40 of 1st period - Snap shot by Jordan Eberle.
17:40 of 1st period - Shot Blocked by Miro Heiskanen.
17:42 of 1st period - Snap shot by J.J. Moser.
17:42 of 1st period - Deflect By Miro Heiskanen.
17:42 of 1st period - Stopped by Ville Husso with a rebound.
17:44 of 1st period - Slapshot by J.J. Moser.
17:44 of 1st period - Stopped by Ville Husso without a rebound.
17:45 of 1st period - Mikko Rantanen wins face-off versus Colton Sissons in Vancouver Canucks zone.
18:43 of 1st period - Snap shot by Sam Reinhart.
18:43 of 1st period - Stopped by Ville Husso with a rebound.
18:49 of 1st period - Minor Penalty to Jake Bean for Tripping.
18:50 of 1st period - Clayton Keller wins face-off versus Jean-Gabriel Pageau in Vancouver Canucks zone.
19:16 of 1st period - Clayton Keller is hit by Jean-Gabriel Pageau and loses puck.
19:25 of 1st period - Wrist shot by Anders Lee.
19:25 of 1st period - Stopped by Ville Husso with a rebound.
19:27 of 1st period - Wrist shot by Jean-Gabriel Pageau.
19:27 of 1st period - Deflect By Sam Reinhart.
19:27 of 1st period - Shot Blocked by Noah Hanifin.
19:27 of 1st period - Puck is out of play.
19:28 of 1st period - Aleksander Barkov wins face-off versus Leon Draisaitl in Vancouver Canucks zone.
Goals for this period are 4 for Pittsburgh Penguins vs 0 for Vancouver Canucks.
Shots for this period are 17 for Pittsburgh Penguins vs 7 for Vancouver Canucks.
2nd period
0:01 of 2nd period - Leon Draisaitl wins face-off versus Aleksander Barkov in neutral zone.
0:49 of 2nd period - Penalty to Jake Bean is over, Jake Bean is back on ice.
1:35 of 2nd period - Wrist shot by Leon Draisaitl.
1:35 of 2nd period - Stopped by Ville Husso with a rebound.
1:37 of 2nd period - Wrist shot by Mitchell Marner.
1:37 of 2nd period - Goal by Mitchell Marner - Pittsburgh Penguins : 5 - Vancouver Canucks : 0.
1:38 of 2nd period - Leon Draisaitl wins face-off versus Aleksander Barkov in neutral zone.
1:51 of 2nd period - Slapshot by Mitchell Marner.
1:51 of 2nd period - Deflect By Leon Draisaitl.
1:51 of 2nd period - Shot Misses the Net.
1:51 of 2nd period - Puck is out of play.
1:52 of 2nd period - Mikko Rantanen wins face-off versus Phillip Danault in Vancouver Canucks zone.
1:52 of 2nd period - Mikko Rantanen is hit by Phillip Danault.
2:06 of 2nd period - Snap shot by Mikko Rantanen.
2:06 of 2nd period - Deflect By Artturi Lehkonen.
2:06 of 2nd period - Stopped by Akira Schmid without a rebound.
2:07 of 2nd period - Aleksander Barkov wins face-off versus Jean-Gabriel Pageau in Pittsburgh Penguins zone.
2:10 of 2nd period - Wrist shot by Kasperi Kapanen.
2:10 of 2nd period - Stopped by Akira Schmid without a rebound.
2:11 of 2nd period - Jean-Gabriel Pageau wins face-off versus Aleksander Barkov in Pittsburgh Penguins zone.
2:18 of 2nd period - Slapshot by Aleksander Barkov.
2:18 of 2nd period - Shot Misses the Net.
2:20 of 2nd period - Backhand shot by Casey Mittelstadt.
2:20 of 2nd period - Shot Misses the Net.
2:22 of 2nd period - Slapshot by Kasperi Kapanen.
2:22 of 2nd period - Shot Blocked by Sam Reinhart.
2:24 of 2nd period - Backhand shot by Noah Hanifin.
2:24 of 2nd period - Stopped by Akira Schmid with a rebound.
2:26 of 2nd period - Snap shot by Noah Hanifin.
2:26 of 2nd period - Shot Misses the Net.
3:54 of 2nd period - Wrist shot by Taylor Raddysh.
3:54 of 2nd period - Shot Blocked by Leon Draisaitl.
3:58 of 2nd period - Snap shot by Jesperi Kotkaniemi.
3:58 of 2nd period - Stopped by Akira Schmid without a rebound.
3:59 of 2nd period - Jean-Gabriel Pageau wins face-off versus Aleksander Barkov in Pittsburgh Penguins zone.
4:16 of 2nd period - Off-side.
4:17 of 2nd period - Mikko Rantanen wins face-off versus Phillip Danault in neutral zone.
4:28 of 2nd period - Wrist shot by Artturi Lehkonen.
4:28 of 2nd period - Stopped by Akira Schmid with a rebound.
4:30 of 2nd period - Slapshot by Miro Heiskanen.
4:30 of 2nd period - Stopped by Akira Schmid without a rebound.
4:31 of 2nd period - Aleksander Barkov wins face-off versus Leon Draisaitl in Pittsburgh Penguins zone.
4:42 of 2nd period - Kasperi Kapanen is hit by Brian Dumoulin and loses puck.
4:59 of 2nd period - Icing by Jordan Eberle.
5:00 of 2nd period - Jesperi Kotkaniemi wins face-off versus Phillip Danault in Pittsburgh Penguins zone.
5:01 of 2nd period - Wrist shot by Taylor Raddysh.
5:01 of 2nd period - Stopped by Akira Schmid without a rebound.
5:02 of 2nd period - Jesperi Kotkaniemi wins face-off versus Jean-Gabriel Pageau in Pittsburgh Penguins zone.
5:07 of 2nd period - Wrist shot by Taylor Raddysh.
5:07 of 2nd period - Shot Blocked by Jean-Gabriel Pageau.
5:09 of 2nd period - Slapshot by Chad Ruhwedel.
5:09 of 2nd period - Deflect By Sam Reinhart.
5:09 of 2nd period - Stopped by Akira Schmid with a rebound.
5:11 of 2nd period - Wrist shot by Chad Ruhwedel.
5:11 of 2nd period - Shot Misses the Net.
5:13 of 2nd period - Snap shot by Taylor Raddysh.
5:13 of 2nd period - Stopped by Akira Schmid with a rebound.
5:15 of 2nd period - Slapshot by Anton Lundell.
5:15 of 2nd period - Goal by Anton Lundell - Pittsburgh Penguins : 5 - Vancouver Canucks : 1.
5:16 of 2nd period - Mikko Rantanen wins face-off versus Phillip Danault in neutral zone.
5:23 of 2nd period - Slapshot by Erik Karlsson.
5:23 of 2nd period - Shot Blocked by Noah Hanifin.
5:45 of 2nd period - Wrist shot by Sam Reinhart.
5:45 of 2nd period - Shot Misses the Net.
6:32 of 2nd period - Slapshot by Jesperi Kotkaniemi.
6:32 of 2nd period - Stopped by Akira Schmid with a rebound.
7:08 of 2nd period - Wrist shot by Taylor Raddysh.
7:08 of 2nd period - Stopped by Akira Schmid without a rebound.
7:09 of 2nd period - Aleksander Barkov wins face-off versus Leon Draisaitl in Pittsburgh Penguins zone.
8:10 of 2nd period - Off-side.
8:11 of 2nd period - Aleksander Barkov wins face-off versus Jordan Eberle in neutral zone.
8:42 of 2nd period - Wrist shot by Leon Draisaitl.
8:42 of 2nd period - Stopped by Ville Husso with a rebound.
8:44 of 2nd period - Wrist shot by Mitchell Marner.
8:44 of 2nd period - Deflect By Pavel Buchnevich.
8:44 of 2nd period - Stopped by Ville Husso without a rebound.
8:45 of 2nd period - Jesperi Kotkaniemi wins face-off versus Anders Lee in Vancouver Canucks zone.
8:52 of 2nd period - Wrist shot by Jesperi Kotkaniemi.
8:52 of 2nd period - Stopped by Akira Schmid with a rebound.
8:54 of 2nd period - Slapshot by Chad Ruhwedel.
8:54 of 2nd period - Stopped by Akira Schmid with a rebound.
8:56 of 2nd period - Snap shot by Taylor Raddysh.
8:56 of 2nd period - Shot Misses the Net.
9:21 of 2nd period - Chad Ruhwedel is hit by Mitchell Marner and loses puck.
9:30 of 2nd period - Mattias Ekholm is hit by Mikko Rantanen and loses puck.
9:57 of 2nd period - Snap shot by Mikko Rantanen.
9:57 of 2nd period - Stopped by Akira Schmid with a rebound.
9:59 of 2nd period - Backhand shot by Mikko Rantanen.
9:59 of 2nd period - Stopped by Akira Schmid with a rebound.
10:01 of 2nd period - Slapshot by Chad Ruhwedel.
10:01 of 2nd period - Shot Misses the Net.
10:03 of 2nd period - Snap shot by Chad Ruhwedel.
10:03 of 2nd period - Shot Misses the Net.
10:05 of 2nd period - Slapshot by Jacob Bryson.
10:05 of 2nd period - Stopped by Akira Schmid with a rebound.
10:07 of 2nd period - Slapshot by Chad Ruhwedel.
10:07 of 2nd period - Shot Blocked by Mattias Ekholm.
10:09 of 2nd period - Snap shot by Artturi Lehkonen.
10:09 of 2nd period - Stopped by Akira Schmid without a rebound.
10:10 of 2nd period - Casey Mittelstadt wins face-off versus Phillip Danault in Pittsburgh Penguins zone.
10:31 of 2nd period - Minor Penalty to Phillip Danault for Tripping.
10:32 of 2nd period - Sam Reinhart wins face-off versus Casey Mittelstadt in Pittsburgh Penguins zone.
12:31 of 2nd period - Penalty to Phillip Danault is over, Phillip Danault is back on ice.
13:07 of 2nd period - Snap shot by Jesperi Kotkaniemi.
13:07 of 2nd period - Shot Misses the Net.
13:09 of 2nd period - Slapshot by Anton Lundell.
13:09 of 2nd period - Stopped by Akira Schmid with a rebound.
13:21 of 2nd period - Minor Penalty to Erik Gudbranson for Holding.
13:22 of 2nd period - Leon Draisaitl wins face-off versus Casey Mittelstadt in Pittsburgh Penguins zone.
15:21 of 2nd period - Penalty to Erik Gudbranson is over, Erik Gudbranson is back on ice.
15:21 of 2nd period - Erik Karlsson is hit by Chad Ruhwedel and loses puck.
15:44 of 2nd period - Erik Karlsson is hit by Jacob Bryson and loses puck.
15:55 of 2nd period - Slapshot by Mattias Ekholm.
15:55 of 2nd period - Deflect By Jordan Eberle.
15:55 of 2nd period - Shot Misses the Net.
15:55 of 2nd period - Puck is out of play.
15:56 of 2nd period - Jesperi Kotkaniemi wins face-off versus Colton Sissons in Vancouver Canucks zone.
15:56 of 2nd period - Jesperi Kotkaniemi is hit by Jordan Eberle.
16:24 of 2nd period - Off-side.
16:25 of 2nd period - Aleksander Barkov wins face-off versus Leon Draisaitl in neutral zone.
16:35 of 2nd period - Noah Hanifin is hit by Pavel Buchnevich and loses puck.
16:56 of 2nd period - Off-side.
16:57 of 2nd period - Aleksander Barkov wins face-off versus Jean-Gabriel Pageau in neutral zone.
17:13 of 2nd period - Snap shot by Kasperi Kapanen.
17:13 of 2nd period - Stopped by Akira Schmid without a rebound.
17:14 of 2nd period - Leon Draisaitl wins face-off versus Jesperi Kotkaniemi in Pittsburgh Penguins zone.
17:25 of 2nd period - Backhand shot by Mitchell Marner.
17:25 of 2nd period - Stopped by Ville Husso without a rebound.
17:26 of 2nd period - Jean-Gabriel Pageau wins face-off versus Kasperi Kapanen in Vancouver Canucks zone.
18:51 of 2nd period - Slapshot by Miro Heiskanen.
18:51 of 2nd period - Shot Blocked by Anders Lee.
19:05 of 2nd period - Slapshot by Noah Hanifin.
19:05 of 2nd period - Shot Hit the Post.
19:19 of 2nd period - Snap shot by Leon Draisaitl.
19:19 of 2nd period - Stopped by Ville Husso with a rebound.
19:21 of 2nd period - Slapshot by Mitchell Marner.
19:21 of 2nd period - Shot Blocked by Noah Hanifin.
19:23 of 2nd period - Wrist shot by Ryan Suter.
19:23 of 2nd period - Deflect By Pavel Buchnevich.
19:23 of 2nd period - Stopped by Ville Husso without a rebound.
19:24 of 2nd period - Jean-Gabriel Pageau wins face-off versus Mikko Rantanen in Vancouver Canucks zone.
19:52 of 2nd period - Icing by Clayton Keller.
19:53 of 2nd period - Casey Mittelstadt wins face-off versus Leon Draisaitl in Vancouver Canucks zone.
Goals for this period are 1 for Pittsburgh Penguins vs 1 for Vancouver Canucks.
Shots for this period are 7 for Pittsburgh Penguins vs 20 for Vancouver Canucks.
3rd period
0:01 of 3rd period - Phillip Danault wins face-off versus Aleksander Barkov in neutral zone.
0:12 of 3rd period - Wrist shot by Aleksander Barkov.
0:12 of 3rd period - Shot Misses the Net.
0:14 of 3rd period - Slapshot by Noah Hanifin.
0:14 of 3rd period - Stopped by Akira Schmid without a rebound.
0:15 of 3rd period - Jean-Gabriel Pageau wins face-off versus Jesperi Kotkaniemi in Pittsburgh Penguins zone.
0:41 of 3rd period - Taylor Raddysh is hit by Phillip Danault and loses puck.
1:31 of 3rd period - Snap shot by Gabriel Vilardi.
1:31 of 3rd period - Stopped by Ville Husso with a rebound.
1:33 of 3rd period - Slapshot by Jordan Eberle.
1:33 of 3rd period - Shot Blocked by Noah Hanifin.
1:35 of 3rd period - Wrist shot by Jordan Eberle.
1:35 of 3rd period - Shot Misses the Net.
1:37 of 3rd period - Slapshot by J.J. Moser.
1:37 of 3rd period - Stopped by Ville Husso with a rebound.
1:39 of 3rd period - Wrist shot by Gabriel Vilardi.
1:39 of 3rd period - Stopped by Ville Husso with a rebound.
2:29 of 3rd period - Icing by Chad Ruhwedel.
2:30 of 3rd period - Sam Reinhart wins face-off versus Noah Cates in Vancouver Canucks zone.
2:31 of 3rd period - Snap shot by Jean-Gabriel Pageau.
2:31 of 3rd period - Shot Hit the Post.
3:15 of 3rd period - Robby Fabbri is hit by Mattias Ekholm and loses puck.
3:38 of 3rd period - Wrist shot by Noah Cates.
3:38 of 3rd period - Shot Misses the Net.
3:48 of 3rd period - Slapshot by Pavel Buchnevich.
3:48 of 3rd period - Stopped by Ville Husso with a rebound.
4:12 of 3rd period - Wrist shot by Leon Draisaitl.
4:12 of 3rd period - Stopped by Ville Husso with a rebound.
4:14 of 3rd period - Wrist shot by Leon Draisaitl.
4:14 of 3rd period - Stopped by Ville Husso with a rebound.
4:51 of 3rd period - Icing by Erik Karlsson.
4:52 of 3rd period - Aleksander Barkov wins face-off versus Leon Draisaitl in Pittsburgh Penguins zone.
4:59 of 3rd period - Wrist shot by Aleksander Barkov.
4:59 of 3rd period - Stopped by Akira Schmid with a rebound.
5:01 of 3rd period - Slapshot by Adam Boqvist.
5:01 of 3rd period - Shot Blocked by Mattias Ekholm.
5:05 of 3rd period - Wrist shot by Casey Mittelstadt.
5:05 of 3rd period - Deflect By Aleksander Barkov.
5:05 of 3rd period - Shot Blocked by Mattias Ekholm.
5:05 of 3rd period - Puck is out of play.
5:06 of 3rd period - Mikko Rantanen wins face-off versus Phillip Danault in Pittsburgh Penguins zone.
5:07 of 3rd period - Snap shot by Artturi Lehkonen.
5:07 of 3rd period - Shot Misses the Net.
5:09 of 3rd period - Slapshot by Jake Bean.
5:09 of 3rd period - Deflect By Artturi Lehkonen.
5:09 of 3rd period - Stopped by Akira Schmid without a rebound.
5:10 of 3rd period - Mikko Rantanen wins face-off versus Phillip Danault in Pittsburgh Penguins zone.
5:15 of 3rd period - Backhand shot by Artturi Lehkonen.
5:15 of 3rd period - Shot Misses the Net.
5:25 of 3rd period - Snap shot by Clayton Keller.
5:25 of 3rd period - Stopped by Akira Schmid with a rebound.
5:39 of 3rd period - Snap shot by Anders Lee.
5:39 of 3rd period - Stopped by Ville Husso without a rebound.
5:40 of 3rd period - Sam Reinhart wins face-off versus Aleksander Barkov in Vancouver Canucks zone.
5:46 of 3rd period - Erik Gudbranson beats up Kasperi Kapanen.
5:46 of 3rd period - Penalty to Kasperi Kapanen for Fighting.
5:46 of 3rd period - Penalty to Erik Gudbranson for Fighting.
5:47 of 3rd period - Jean-Gabriel Pageau wins face-off versus Aleksander Barkov in Vancouver Canucks zone.
6:04 of 3rd period - Wrist shot by Sam Reinhart.
6:04 of 3rd period - Shot Misses the Net.
6:57 of 3rd period - Slapshot by Ryan Suter.
6:57 of 3rd period - Stopped by Ville Husso without a rebound.
6:58 of 3rd period - Jean-Gabriel Pageau wins face-off versus Noah Cates in Vancouver Canucks zone.
7:00 of 3rd period - Sam Lafferty beats up Mattias Ekholm.
7:00 of 3rd period - Penalty to Sam Lafferty for Fighting.
7:00 of 3rd period - Penalty to Mattias Ekholm for Fighting.
7:00 of 3rd period - Penalty to Sam Lafferty for instigated a fight.
7:00 of 3rd period - Penalty to Sam Lafferty for instigated a fight.
7:01 of 3rd period - Aleksander Barkov wins face-off versus Leon Draisaitl in Vancouver Canucks zone.
7:17 of 3rd period - Icing by Mitchell Marner.
7:18 of 3rd period - Leon Draisaitl wins face-off versus Clayton Keller in Pittsburgh Penguins zone.
8:33 of 3rd period - Aleksander Barkov is hit by J.J. Moser and loses puck.
8:52 of 3rd period - Snap shot by Mitchell Marner.
8:52 of 3rd period - Shot Misses the Net.
8:54 of 3rd period - Slapshot by J.J. Moser.
8:54 of 3rd period - Goal by J.J. Moser - Pittsburgh Penguins : 6 - Vancouver Canucks : 1.
8:55 of 3rd period - Jean-Gabriel Pageau wins face-off versus Aleksander Barkov in neutral zone.
9:24 of 3rd period - Wrist shot by Casey Mittelstadt.
9:24 of 3rd period - Shot Misses the Net.
9:44 of 3rd period - Jordan Eberle is hit by Artturi Lehkonen and loses puck.
10:07 of 3rd period - J.J. Moser is hit by Robby Fabbri and loses puck.
10:12 of 3rd period - Snap shot by Noah Cates.
10:12 of 3rd period - Stopped by Akira Schmid with a rebound.
10:48 of 3rd period - Phillip Danault is hit by Robby Fabbri.
12:02 of 3rd period - Pavel Buchnevich is hit by Mikko Rantanen.
12:24 of 3rd period - Artturi Lehkonen is hit by Ryan Johansen and loses puck.
12:35 of 3rd period - Chad Ruhwedel is hit by Erik Karlsson and loses puck.
12:53 of 3rd period - Taylor Raddysh is hit by Colton Sissons and loses puck.
13:08 of 3rd period - Slapshot by Phillip Danault.
13:08 of 3rd period - Stopped by Ville Husso without a rebound.
13:09 of 3rd period - Phillip Danault wins face-off versus Aleksander Barkov in Vancouver Canucks zone.
13:12 of 3rd period - Snap shot by Erik Karlsson.
13:12 of 3rd period - Shot Misses the Net.
13:20 of 3rd period - Slapshot by Miro Heiskanen.
13:20 of 3rd period - Shot Blocked by Erik Karlsson.
13:22 of 3rd period - Wrist shot by Kasperi Kapanen.
13:22 of 3rd period - Goal by Kasperi Kapanen - Pittsburgh Penguins : 6 - Vancouver Canucks : 2.
13:23 of 3rd period - Jean-Gabriel Pageau wins face-off versus Mikko Rantanen in neutral zone.
14:21 of 3rd period - Slapshot by Aleksander Barkov.
14:21 of 3rd period - Stopped by Akira Schmid with a rebound.
14:23 of 3rd period - Slapshot by Noah Hanifin.
14:23 of 3rd period - Shot Misses the Net.
14:25 of 3rd period - Wrist shot by Kasperi Kapanen.
14:25 of 3rd period - Stopped by Akira Schmid with a rebound.
14:27 of 3rd period - Snap shot by Aleksander Barkov.
14:27 of 3rd period - Deflect By Casey Mittelstadt.
14:27 of 3rd period - Stopped by Akira Schmid without a rebound.
14:28 of 3rd period - Clayton Keller wins face-off versus Jean-Gabriel Pageau in Pittsburgh Penguins zone.
14:29 of 3rd period - Slapshot by Mikko Rantanen.
14:29 of 3rd period - Stopped by Akira Schmid without a rebound.
14:30 of 3rd period - Jean-Gabriel Pageau wins face-off versus Mikko Rantanen in Pittsburgh Penguins zone.
14:57 of 3rd period - Snap shot by Phillip Danault.
14:57 of 3rd period - Stopped by Ville Husso with a rebound.
15:08 of 3rd period - Snap shot by Phillip Danault.
15:08 of 3rd period - Stopped by Ville Husso with a rebound.
15:22 of 3rd period - Snap shot by Mitchell Marner.
15:22 of 3rd period - Goal by Mitchell Marner - Pittsburgh Penguins : 7 - Vancouver Canucks : 2.
15:23 of 3rd period - Mikko Rantanen wins face-off versus Jean-Gabriel Pageau in neutral zone.
15:50 of 3rd period - Jean-Gabriel Pageau is hit by Aleksander Barkov and loses puck.
16:14 of 3rd period - Off-side.
16:15 of 3rd period - Leon Draisaitl wins face-off versus Jesperi Kotkaniemi in neutral zone.
16:36 of 3rd period - Minor Penalty to Pavel Buchnevich for Hooking.
16:37 of 3rd period - Leon Draisaitl wins face-off versus Aleksander Barkov in Pittsburgh Penguins zone.
18:36 of 3rd period - Penalty to Pavel Buchnevich is over, Pavel Buchnevich is back on ice.
18:43 of 3rd period - Icing by Pavel Buchnevich.
18:44 of 3rd period - Jesperi Kotkaniemi wins face-off versus Sam Reinhart in Pittsburgh Penguins zone.
18:59 of 3rd period - Wrist shot by Adam Boqvist.
18:59 of 3rd period - Shot Blocked by Ryan Suter.
19:47 of 3rd period - Mitchell Marner is hit by Noah Hanifin and loses puck.
Goals for this period are 2 for Pittsburgh Penguins vs 1 for Vancouver Canucks.
Shots for this period are 13 for Pittsburgh Penguins vs 10 for Vancouver Canucks.
Back to the Top